Map: Galactic Process LE

Players

TRUE - Winner!

  • Race: Zerg Zerg

Polt

  • Race: Terran Terran

Event: 2016 WCS Summer Circuit Championship (DH Montreal)

VOD

https://youtu.be/mHmZh8wkQqQ?t=41m8s

Description

Time

  • Played on: Aug. 14, 2016, 3:43 p.m.
  • Length: 11:34

All games in this series

Show
View Real Time Build Order
Export as new Build Order

TRUE Zerg - Winner!

Build Orders: Hatch First 

Get SALT Encoding   

  12  0:00  Drone  
  13  0:12  Overlord  
  13  0:17  Drone  
  14  0:30  Drone  
  14  0:31  Drone  
  14  0:34  Drone  
  17  0:53  Hatchery  
  17  0:56  Drone  
  17  1:08  Spawning Pool  
  17  1:10  Extractor  
  15  1:12  Drone  
  15  1:16  Drone  
  17  1:19  Drone  
  18  1:30  Drone  
  19  1:38  Overlord  
  19  1:54  Queen  
  19  1:55  Zergling x2  
  19  2:00  Zergling x2  
  23  2:04  Queen  
  23  2:05  Zergling x2  
  26  2:10  Metabolic Boost  
  26  2:13  Drone  
  27  2:17  Drone  
  27  2:22  Drone  
  29  2:32  Drone x2  
  31  2:38  Zergling x2  
  31  2:39  Queen  
  34  2:48  Overlord  
  34  2:49  Zergling x2  
  35  2:55  Zergling x2  
  36  3:09  Queen, Overlord  
  36  3:10  Zergling x4  
  36  3:11  Zergling x4  
  42  3:14  Zergling x2  
  42  3:17  Zergling x2  
  42  3:19  Zergling x2  
  44  3:20  Zergling x2  
  44  3:27  Queen  
  43  3:29  Zergling x2  
  43  3:30  Zergling x2  
  43  3:33  Zergling x2  
  48  3:38  Zergling x2  
  48  3:44  Zergling x2  
  48  3:47  Queen  
  50  3:49  Zergling x2  
  50  3:51  Zergling x2  
  52  3:55  Overlord  
  52  4:03  Overlord  
  52  4:17  Zergling x2  
  52  4:18  Zergling x10  
  58  4:33  Drone  
  58  4:34  Drone x3  
  58  4:36  Drone  
  63  4:41  Drone x2  
  63  4:42  Drone  
  63  4:43  Hatchery  
  63  4:45  Overlord  
  65  4:50  Drone  
  65  4:52  Drone  
  67  4:55  Drone  
  68  5:06  Drone x2  
  68  5:07  Drone x2  
  71  5:08  Evolution Chamber  
  71  5:12  Drone  
  72  5:19  Drone x3  
  72  5:20  Drone  
  76  5:26  Overlord  
  76  5:29  Overlord  
  76  5:30  Evolution Chamber, Drone  
  76  5:31  Extractor  
  76  5:32  Drone  
  76  5:36  Zerg Ground Armor Level 1  
  76  5:42  Overlord  
  75  5:43  Drone x2  
  73  6:02  Drone  
  73  6:03  Drone x7  
  73  6:10  Zerg Melee Weapons Level 1  
  71  6:12  Zergling x4  
  71  6:14  Extractor  
  72  6:18  Baneling Nest  
  72  6:19  Overlord  
  72  6:21  Drone x3  
  72  6:23  Zergling x2  
  75  6:28  Zergling x2  
  75  6:29  Zergling x4  
  75  6:30  Zergling x2  
  75  6:31  Zergling x2  
  80  6:36  Zergling x2  
  80  6:39  Zergling x2  
  75  6:40  Zergling x2  
  75  6:47  Lair  
  75  6:48  Drone x4  
  75  6:49  Drone  
  80  6:55  Extractor, Overlord, Hatchery  
  72  7:16  Zergling x20  
  72  7:17  Zergling x2  
  72  7:20  Zergling x2  
  72  7:21  Zergling x2  
  85  7:24  Zergling x2  
  85  7:26  Zergling x6  
  89  7:31  Zergling x2  
  89  7:32  Zergling x2  
  89  7:35  Zergling x2  
  92  7:38  Overlord  
  92  7:39  Zergling x2  
  92  7:50  Centrifical Hooks  
  89  7:51  Zerg Ground Armor Level 2  
  89  7:53  Drone x4  
  89  7:56  Queen  
  95  8:00  Baneling x8, Burrow  
  95  8:01  Zergling x6  
  95  8:02  Zergling x4  
  95  8:03  Zergling x6  
  95  8:04  Zergling x2  
  105  8:05  Zergling x4  
  105  8:08  Queen  
  105  8:10  Zergling x2  
  109  8:13  Baneling x2  
  109  8:14  Zergling x2  
  109  8:16  Overlord  
  110  8:20  Drone x2  
  110  8:21  Overlord  
  110  8:24  Zergling x4  
  110  8:25  Zergling x2  
  110  8:26  Baneling x3  
  115  8:28  Overlord  
  115  8:29  Drone  
  115  8:30  Zergling x2  
  115  8:31  Zergling x2  
  118  8:34  Zerg Melee Weapons Level 2  
  118  8:38  Overlord  
  118  8:40  Drone  
  119  8:43  Zergling x8  
  123  8:55  Overlord  
  120  8:59  Zergling x6  
  120  9:02  Zergling x8  
  110  9:04  Zergling x4  
  110  9:05  Zergling x8  
  110  9:06  Zergling x4  
  110  9:07  Queen  
  110  9:12  Zergling x2  
  110  9:15  Zergling x2  
  110  9:16  Zergling x4  
  114  9:17  Zergling x2  
  114  9:19  Drone  
  115  9:29  Drone x6  
  122  9:31  Zergling x2  
  122  9:32  Hatchery  
  122  9:33  Zergling x2  
  122  9:49  Baneling  
  122  9:50  Baneling x5  
  122  9:51  Baneling x8  
  122  9:52  Baneling x5, Zergling x6  
  125  9:53  Zergling x10  
  125  9:54  Zergling x4  
  125  9:56  Zergling x2  
  125  9:59  Zergling x4  
  130  10:01  Zergling x6  
  130  10:03  Zergling x2  
  130  10:04  Zergling x2  
  130  10:05  Zergling x2  
  130  10:06  Zergling x2  
  133  10:08  Zergling x2  
  133  10:09  Zergling x4  
  133  10:10  Zergling x2  
  133  10:11  Baneling  
  133  10:12  Baneling x2  
  133  10:13  Baneling x8  
  137  10:14  Zergling x2  
  137  10:17  Zergling x8  
  137  10:18  Zergling x2  
  136  10:24  Zergling x6  
  136  10:27  Zergling x6  
  127  10:38  Zergling x4  
  127  10:39  Zergling x12  
  127  10:40  Zergling x2  
  127  10:41  Zergling x2  
  127  10:42  Zergling x2  
  135  10:43  Zergling x2  
  135  10:49  Zergling x2  
  134  10:50  Zergling x2  
  134  10:51  Zergling x6  
  134  10:52  Zergling x2  
  134  10:54  Zergling x2  
  131  10:57  Baneling x7, Hatchery  
  124  11:08  Zergling x2  
  124  11:09  Zergling x8  
  127  11:14  Zergling x2  
  127  11:15  Zergling x12  
  127  11:17  Zergling x4  
Show
View Real Time Build Order
Export as new Build Order

Polt Terran 

Build Orders: MMM Bio 

Get SALT Encoding   

  12  0:00  SCV  
  13  0:13  SCV  
  14  0:19  Supply Depot  
  14  0:25  SCV  
  15  0:29  Refinery  
  15  0:42  Barracks  
  15  0:44  SCV  
  16  0:56  SCV  
  17  1:02  Barracks  
  17  1:08  SCV  
  18  1:20  SCV  
  18  1:24  Barracks  
  19  1:29  Reaper  
  20  1:39  Orbital Command  
  20  1:48  Reaper  
  20  1:53  Supply Depot  
  21  1:57  Refinery  
  21  2:02  Reaper  
  23  2:13  Reaper  
  23  2:14  SCV  
  24  2:20  Supply Depot  
  24  2:23  Reaper  
  24  2:26  SCV  
  26  2:36  Reaper  
  27  2:39  SCV  
  28  2:46  Reaper  
  28  2:51  SCV  
  30  2:57  Command Center  
  30  3:01  Reaper  
  30  3:03  SCV  
  32  3:09  Reaper  
  33  3:15  SCV  
  34  3:23  Reaper  
  35  3:27  Supply Depot  
  35  3:31  SCV  
  35  3:33  Reaper  
  37  3:41  Reaper  
  37  3:46  SCV  
  38  3:55  Reaper  
  39  3:58  Command Center  
  39  4:01  SCV  
  40  4:06  Barracks Tech Lab  
  40  4:10  Orbital Command  
  40  4:13  SCV  
  41  4:21  Barracks Reactor  
  41  4:25  SCV  
  41  4:26  Marine  
  41  4:27  Stimpack  
  41  4:28  Barracks Reactor  
  43  4:37  SCV  
  44  4:38  SCV  
  44  4:41  Supply Depot  
  45  4:45  Marine  
  45  4:50  SCV x2  
  48  4:55  Factory  
  48  5:02  SCV x2  
  48  5:06  Bunker  
  49  5:08  Supply Depot x2, Marine x5  
  54  5:15  Orbital Command  
  54  5:19  SCV x2  
  53  5:31  SCV x2  
  53  5:34  Marine x3  
  53  5:35  Marine  
  59  5:38  Marine  
  59  5:42  SCV  
  61  5:45  SCV x2  
  53  5:59  Marine x5  
  53  6:03  SCV x2  
  53  6:08  Starport  
  53  6:09  Factory Reactor  
  53  6:10  SCV  
  53  6:15  SCV x2  
  55  6:22  Marine x3  
  55  6:23  Marine x2  
  60  6:27  SCV x2  
  60  6:28  SCV  
  63  6:37  Orbital Command  
  63  6:38  Combat Shields  
  63  6:43  SCV x2  
  65  6:50  Engineering Bay, Marine x5  
  65  6:51  Engineering Bay  
  70  6:56  Medivac  
  70  6:57  Medivac  
  74  7:04  SCV x2  
  76  7:12  Orbital Command  
  76  7:18  Supply Depot, Marine x5  
  76  7:20  Terran Infantry Weapons Level 1  
  76  7:21  Terran Infantry Armor Level 1  
  81  7:24  Supply Depot  
  81  7:30  Medivac  
  81  7:31  Medivac  
  81  7:35  Factory Reactor  
  81  7:36  Marine x5  
  81  7:37  Barracks x2  
  90  7:40  SCV x3  
  92  7:52  SCV x3  
  92  7:56  Marine x5  
  100  8:01  Bunker, Supply Depot  
  100  8:14  Marine x5  
  100  8:18  Widow Mine x2  
  100  8:19  Medivac x2  
  113  8:20  SCV x3  
  113  8:23  Refinery  
  116  8:29  Armory  
  116  8:33  Supply Depot  
  116  8:34  Supply Depot  
  116  8:37  Supply Depot  
  116  8:40  SCV x2  
  118  8:41  Marine, SCV  
  118  8:42  Barracks Reactor, Marine x3  
  120  8:48  Barracks Reactor  
  120  8:49  Marine  
  116  8:56  Liberator  
  102  9:04  Marine x4  
  102  9:07  Marine  
  103  9:13  Widow Mine x2  
  109  9:22  Marine x4, SCV x3  
  114  9:25  Marine  
  114  9:29  Marine x4  
  119  9:32  Medivac  
  119  9:37  Supply Depot x2, Barracks  
  121  9:38  Barracks  
  121  9:39  Supply Depot, Barracks  
  121  9:40  Marine x4  
  121  9:43  Marine  
  126  9:47  Marine x4  
  130  9:57  Marine x2  
  130  9:58  Marine  
  130  10:00  Medivac  
  130  10:02  Widow Mine x2, Medivac  
  130  10:06  Marine x2  
  130  10:07  Marine x3, Marauder  
  136  10:13  Command Center  
  139  10:15  Marine x3  
  135  10:35  Marine x6  
  123  10:36  Marine x5, Marauder  
  129  10:53  Marine x8  
  129  10:54  Marine x3  
  129  10:56  Marine  
  131  10:58  Widow Mine x2  
  125  11:05  Supply Depot x2  
Tags
 
Add a new tag
Caveats
  • Supply blocks, unpowered buildings, or Contaminate may cause inaccurate times.
  • Supply counts are checked every 10 seconds.